Randomname, lawful female human Samurai ? ( ---------- -------------------------------- |........| |............................*.. |........| |.------+--------------..-----.| `+.....*..| |.|....| |...| |..(..-...|.| |...<....| -.|....|+$|...| ! |..|..|...|.|# -----.---- ! |.---|----|...|+------|..|...|..# ### |......|..|%.)|.|..|%%|+-----|.|# [ |.----.|..|-|--.|..|%!|@|....|.|# ## |.|..-.-|--..{(.-|-|..|(|.@_.|.|( -%--------- |.|..|........%....-|--a@....|.|#####.)........| |.|---|---.----|--......|....|.|### |>........| [( ` |.|((|...|.-%.|..||----------|.| |.........| |.|.*|(((|.|..|(.|... |#.|.%.-.| |.........| |.|..|(((|.---|??|....|..|%..|.| |.........| |.-|------..{.---------|------.| ----------- |..............................| -------------------------------- Randomname the Kunoichi Experience level: 7 Strength: 16 Dexterity: 18 Constitution: 18 Intelligence: 10 Wisdom: 8 Charisma: 6 Health: 0(73) Energy: 29(29) Def: 6 Gold: 63 Moves: 2766 Dungeon seed: fhlGJ5feQP2JjDO1 Game ID: Randomname_1438675275 Your Inventory: Coins $ - 63 gold pieces Weapons a - a +0 katana (weapon in hand) b - a blessed +2 wakizashi c - a +1 yumi (alternate weapon; not wielded) d - 50 +0 ya f - 12 +0 shuriken Armor e - an uncursed rustproof +0 splint mail (being worn) y - an uncursed +0 dwarvish cloak (being worn) Comestibles F - an uncursed gunyoki H - an uncursed tripe ration J - an uncursed clove of garlic T - an uncursed garter snake corpse Scrolls Q - an uncursed scroll of teleportation Wands h - a wand of fire (0:6) t - a wand of striking (0:0) v - a wand of digging (0:4) A - a wand of enlightenment (0:11) E - a wand of locking (0:3) Z - a wand of teleportation (0:6) Tools s - an uncursed sack V - an uncursed osaku W - 7 uncursed partly used tallow candles (0:130) Gems n - 2 uncursed silver nuggets r - an uncursed touchstone Contents of the sack: a blessed scroll of enchant weapon a blessed scroll of gold detection a blessed scroll of teleportation a blessed potion of full healing an uncursed potion of gain ability an uncursed potion of sickness an uncursed potion of sleeping a cursed ring of shock resistance Spells and supernatural/magical abilities: Name Level Category Fail Memory W - pray for help -- divine ? -- Your skills at the end: Fighting Skills martial arts [Basic] Weapon Skills short sword [Basic] long sword [Skilled] bow [Basic] shuriken [Basic] Spellcasting Skills Final Attributes: You were fervently aligned. You were fast. You were lucky. You are dead. Vanquished creatures: a small mimic a wolf 3 gnome kings 6 soldier ants 2 wood nymphs 3 gnome lords 4 gnomish wizards a floating eye a dwarf a kobold lord a rothe a giant bat 7 monkeys an orc zombie an iguana an acid blob a hobbit a hobgoblin a giant rat a yellow mold 19 gnomes a garter snake 7 manes 2 geckos 5 jackals a fox 2 goblins 4 sewer rats 4 grid bugs a bat 2 lichens a kobold zombie 3 newts 91 creatures vanquished. Voluntary challenges: You used a wielded weapon 140 times, starting on turn 14. You read items or engraved 2 times, starting on turn 1252. You never genocided any monsters. You never polymorphed an object. You never changed form. You used no wishes. You never split a pudding. You never wrote Elbereth's name. You never violated your personal moral code. You abstained from Elbereth's help. Dungeon overview: The Dungeons of Doom: levels 1 to 4 Level 1 a fountain, a sink a long staircase Level 2 Level 3 a general store, a fountain stairs to The Gnomish Mines Level 4 The Gnomish Mines: levels 4 to 6 Level 4 stairs to The Dungeons of Doom Level 5 Level 6 <- You were here many shops, a temple to Amaterasu Omikami, some fountains, a sink History has recorded: On T:1 you entered the Dungeons of Doom to retrieve the Amulet of Yendor! On T:242 you advanced to experience level 2. On T:314 you reached level 2 of The Dungeons of Doom. On T:519 you reached level 3 of The Dungeons of Doom. On T:825 you advanced to experience level 3. On T:852 you reached level 4 of The Dungeons of Doom. On T:1142 you reached level 1 of The Gnomish Mines. On T:1147 you advanced to experience level 4. On T:1250 you advanced to experience level 5. On T:1434 you reached level 2 of The Gnomish Mines. On T:1730 you reached level 3 of The Gnomish Mines. On T:1740 you advanced to experience level 6. On T:2145 you advanced to experience level 7. Score breakdown: Gold: 63 ( 6 points) Experience: 7 levels ( 600 points) Exploration: 6 levels ( 150 points) Discoveries: 17 items ( 850 points) Variety of kills: 33 monsters ( 1650 points) Major goal: (nothing yet) ( 0 points) Survival: died (score multiplied by 3) Total score: 9768 Latest messages: You put an uncursed puce potion into the sack. You put a cursed wire ring into the sack. You sold an uncursed leash for 10 gold pieces. Your movements are now unencumbered. v - an uncursed wand of digging. A - an uncursed wand of enlightenment. h - an uncursed wand of fire. t - an uncursed wand of striking. Z - an uncursed wand of teleportation. W - 7 uncursed partly used candles. M - an uncursed leash. V - an uncursed osaku. q - an uncursed gray stone. n - 2 uncursed shiny gems. 2 shiny gems land on the altar. A gray stone lands on the altar. You hit the soldier ant! The soldier ant bites! The soldier ant stings! The soldier ant bites! You die... Final status: Sayonara Randomname the Samurai, killed by a soldier ant... You died in The Gnomish Mines on dungeon level 6 with 9768 points, and 63 pieces of gold, after 2766 moves. You were level 7 with a maximum of 73 hit points when you died.